 Dungeon Crawl Stone Soup version 0.28.0-53-g5a82cb258f (webtiles) character file.

Game seed: 17379302865001659437

297973 raph the Peltast (level 20, 0/238 (253) HPs)
             Began as a Minotaur Berserker on June 22, 2022.
             Was a High Priest of Trog.
             Slain by a hell knight
             ... wielding a +4 glaive
             ... led by Margery
              (11 damage)
             ... on level 2 of the Vaults.
             The game lasted 01:34:04 (63034 turns).

raph the Peltast (Minotaur Berserker)              Turns: 63034, Time: 01:34:05

HP:   0/238 (253)   AC: 31    Str: 31    XL:     20   Next: 11%
MP:   19/19         EV: 24    Int: -4 (4) God:    Trog [*****.]
Gold: 1977          SH: 23    Dex: 18    Spells: 19/19 levels left

rFire   + + +      SeeInvis .   a - +2 demon trident (elec)
rCold   + + .      Faith    .   c - +1 tower shield {rC+}
rNeg    . . .      Spirit   .   R - +10 scale mail of the Abyss {Str+5}
rPois   .          Reflect  .   (helmet restricted)
rElec   +          Harm     .   b - +0 cloak of Lesser Demons {+Inv rElec rF+++ Stlth-}
rCorr   +          Rampage  +   C - +2 pair of gloves {Str+3}
Will    +++..                   Z - +2 pair of boots
Stlth   ..........              d - amulet of Pouwoamp {Rampage Regen+ rCorr}
HPRegen 2.29/turn               y - +4 ring of protection
MPRegen 0.16/turn               z - +4 ring of evasion

@: berserking, lethally poisoned (0 -> 0), strong-willed (expiring),
regenerating (expiring), slowed, lost intelligence, drained, unable to read
A: horns 2, retaliatory headbutt, cold resistance 1, deformed body, frail 1
}: 2/15 runes: serpentine, barnacled
a: Renounce Religion, Evoke Invisibility, Berserk, Trog's Hand, Brothers in Arms


You were on level 2 of the Vaults.
You worshipped Trog.
Trog was extremely pleased with you.
You visited 7 branches of the dungeon, and saw 34 of its levels.
You visited the Abyss 2 times.
You also visited: Bailey and Ice Cave.

You collected 4185 gold pieces.
You spent 2208 gold pieces at shops.

Inventory:

Hand Weapons
 a - a +2 demon trident of electrocution (weapon)
 P - a +9 vorpal trident
Missiles
 j - 24 boomerangs (quivered)
 k - 10 javelins
 x - 2 boomerangs of dispersal
 H - 33 poisoned darts
 K - 6 silver javelins
 Y - 6 throwing nets
Armour
 b - the +0 cloak of Lesser Demons (worn) {+Inv rElec rF+++ Stlth-}
   (You found it on level 3 of the Snake Pit)

   rF:        It renders you almost immune to fire.
   rElec:     It insulates you from electricity.
   +Inv:      It lets you turn invisible.
   Stlth:     It makes you less stealthy.
 c - a +1 tower shield of cold resistance (worn)
 s - a +3 plate armour of fire resistance
 C - a +2 pair of gloves of strength (worn)
 R - the +10 scale mail of the Abyss (worn) {Str+5}
   (You found it on level 3 of the Snake Pit)

   Str:       It affects your strength (+5).
 Z - a +2 pair of boots (worn)
Jewellery
 d - the amulet of Pouwoamp (around neck) {Rampage Regen+ rCorr}
   (You acquired it on level 2 of the Shoals)

   [amulet of regeneration]

   Regen:     It increases your rate of health regeneration.
   rCorr:     It protects you from acid and corrosion.
   Rampage:   It bestows one free step when moving towards enemies.
 f - a ring of see invisible
 o - a ring of flight
 y - a +4 ring of protection (left hand)
 z - a +4 ring of evasion (right hand)
 J - the ring of Mausye Ficw {rC+ rCorr Str+2 Int+4 Stlth+}
   (You bought it in a shop on level 5 of the Dungeon)

   [ring of resist corrosion]

   Str:       It affects your strength (+2).
   Int:       It affects your intelligence (+4).
   rC:        It protects you from cold.
   rCorr:     It protects you from acid and corrosion.
   Stlth:     It makes you more stealthy.
 M - a ring of ice
 N - the necklace of Bloodlust {*Rage Will++ Int-3 Slay+6}
   (You took it off a merfolk siren on level 4 of the Shoals)

   [amulet of nothing]

   It extends the wearer's berserk rage when killing foes.
   Int:       It affects your intelligence (-3).
   Slay:      It affects your accuracy & damage with ranged weapons and melee
   (+6).
   *Rage:     It berserks you when you make melee attacks (+50% chance).
   Will:      It greatly increases your willpower.
 V - a ring of poison resistance
Wands
 e - a wand of polymorph (27)
 m - a wand of flame (38)
 n - a wand of charming (23)
 r - a wand of paralysis (8)
 u - a wand of mindburst (25)
 w - a wand of acid (2)
 A - a wand of digging (11)
 I - a wand of iceblast (11)
Scrolls
 h - 5 scrolls of silence
 t - a scroll of summoning
 v - 3 scrolls of fog
 F - 9 scrolls of teleportation
 G - 9 scrolls of blinking
 O - 3 scrolls of magic mapping
 S - 6 scrolls of fear
 W - a scroll of enchant armour
Potions
 g - 7 potions of heal wounds
 i - 6 potions of ambrosia
 l - 7 potions of resistance
 p - 3 potions of might
 q - 10 potions of curing
 B - 2 potions of mutation
 D - 6 potions of haste
 E - 2 potions of invisibility
 Q - a potion of berserk rage
 T - a potion of flight
 U - a potion of cancellation
Miscellaneous
 L - a phial of floods
 X - a phantom mirror


   Skills:
 + Level 18.3 Fighting
 - Level 14.0 Polearms
 + Level 12.3 Throwing
 + Level 18.2 Armour
 + Level 16.8 Dodging
 * Level 20.3 Shields
 + Level 12.5 Evocations


You had 19 spell levels left.
You didn't know any spells.
Your spell library was empty.

Dungeon Overview and Level Annotations

Branches:
Dungeon (15/15)            Temple (1/1) D:6            Lair (6/6) D:9
 Shoals (4/4) Lair:4        Snake (4/4) Lair:2        Slime (0/5) Lair:6
    Orc (2/2) D:9             Elf (0/3) Orc:2        Vaults (2/5) D:14
 Depths (0/4) D:15         Bailey (visited)           IceCv (visited)
  Crypt: Vaults:2-3

Altars:
Ashenzari
Elyvilon
Fedhas
Gozag
Makhleb
Nemelex Xobeh
Okawaru
Qazlal
Ru
Trog
Vehumet
Xom
Zin

Shops:
D:5 =   D:10 *   D:11 (   Orc:1 *   Orc:2 [?[*   Shoals:1 !(*[*   Snake:2 :
Vaults:2 (

Annotations:
Orc:2 3 runed translucent doors, Faeu's ghost, journeyman MiBe; Glaciallarry's ghost, journeyman HOMo; OrcWarrior's ghost, journeyman HOFi; Weresquid's ghost, journeyman GrGl
Vaults:1 1 runed translucent door, Zotwa's ghost, adept GnSk


Innate Abilities, Weirdness & Mutations

You have a pair of horns on your head.
You reflexively headbutt those who attack you in melee.
Your flesh is cold resistant. (rC+)
Armour fits poorly on your strangely shaped body.
You are frail. (-10% HP)


Message History

The hell knight gestures at you while chanting.
The bolt of fire misses you. Margery hits you but does no damage.
You feel drained. The hell knight barely misses you.
The hell knight hits you from afar with a +4 glaive!
* * * LOW HITPOINT WARNING * * *
You block the green ugly thing's attack.
The green ugly thing barely misses you. You furiously retaliate!
You headbutt the green ugly thing! You hit Margery.
Your headbutt misses Margery.
Margery is almost dead.
The hell knight closely misses you. You block the hell knight's attack. x2
The hell knight closely misses you.
You hit Margery but do no damage. You headbutt Margery.
Margery is almost dead.
You feel the effects of Trog's Hand fading.
You feel sick. The hell knight barely misses you.
The hell knight completely misses you. You block the hell knight's attack.
You block the green ugly thing's attack.
The green ugly thing engulfs you but does no damage.
The necromancer casts a spell.
The necromancer binds the souls of nearby monsters.
The hell knight hits you from afar with a +4 glaive.
* * * LOW HITPOINT WARNING * * *
You puncture Margery! Lightning courses through Margery!
You feel the power of Trog in you as your rage grows.
You kill Margery!
Trog accepts your kill.
Trog appreciates your killing of a magic user.
A freezing mist starts to gather...
Margery the Dragonslayer comes into view.
You feel sick.
The hell knight hits you but does no damage.
You block the hell knight's attack.
The hell knight hits you but does no damage.
You block the hell knight's attack.
The hell knight hits you with a +3 great sword of flaming!!
* * * LOW HITPOINT WARNING * * *
The green ugly thing basks in the mutagenic energy from its kin and changes!
The hell knight hits you from afar with a +4 glaive!
You die...

.....# #......# ##...#
.....# #......# #####
.....# #......# .....#
######## ....#
###'####################
..)...............p.....
..[....)......pppp......
)...........)Zp)@up.....
#################u######
c.. ..... .....# .....#
.....# .....#


You could see 2 ugly things, 6 hell knights, a centaur warrior (soul bound), a
necromancer and Margery the human simulacrum.

Vanquished Creatures
  Mennas (Vaults:2)
  Vashnia (Snake:4)
  Margery (Vaults:2)
  Mlioglotl (Shoals:3)
  Rupert (D:12)
  4 krakens
  Kirke (Shoals:4)
  3 tentacled starspawn (Abyss:2)
  Ilsuiw (Shoals:3)
  Roxanne (Shoals:3)
  7 nagarajas
  An orc warlord (D:9)
  Aizul (Snake:1)
  A draconian scorcher (Abyss:2)
  2 vault wardens
  A war gargoyle (Vaults:2)
  2 ironbound thunderhulks
  The ghost of Usat the Fighter, a journeyman DjFE of Ashenzari (Lair:3)
  12 ironbound preservers
  4 entropy weavers
  3 reapers (IceCv)
  6 dire elephants
  4 merfolk impalers
  Snorg (Orc:1)
  A crystal guardian (Vaults:2)
  5 merfolk javelineers
  A deep elf high priest (Vaults:2)
  An ettin (Orc:2)
  The ghost of sobakacece the Thaumaturge, a journeyman DjEE of Makhleb (D:9)
  Erolcha (Orc:2)
  2 vault guards (Vaults:1)
  12 hydras
  20 naga warriors
  A salamander tyrant (Snake:4)
  A peacekeeper (Vaults:2)
  A yaktaur captain (D:15)
  A rakshasa (Abyss:2)
  13 centaur warriors
  3 merfolk avatars
  2 caustic shrike simulacra (IceCv)
  2 ogre magi
  21 anacondas
  6 boulder beetles
  2 ironbound frosthearts (Vaults:1)
  3 catoblepae (Lair:6)
  2 alligator snapping turtles
  7 merfolk aquamancers
  2 satyrs (Shoals:4)
  16 two-headed ogres
  Erica (Lair:1)
  6 death yaks (Lair:6)
  13 naga sharpshooters
  3 orc high priests (Orc:2)
  3 thrashing horrors (Abyss:2)
  Nergalle (D:10)
  11 shock serpents
  Urug (D:10)
  Sonja (D:10)
  3 wretched stars (Abyss:2)
  3 salamander mystics
  A sixfirhy (D:10)
  10 skeletal warriors
  2 spatial maelstroms
  A fire crab (Lair:5)
  12 sea snakes
  30 deep trolls
  A glowing orange brain (Vaults:2)
  A lindwurm (Vaults:1)
  8 wizards
  3 bog bodies (IceCv)
  6 naga ritualists
  2 obsidian statues (IceCv)
  7 orc knights
  8 ironbound convokers
  6 harpies
  5 deep elf pyromancers
  A deep elf zephyrmancer (D:9)
  15 mana vipers
  12 fauns
  15 salamanders
  4 orc sorcerers
  2 large abominations (Abyss:2)
  A manticore (shapeshifter) (D:15)
  18 manticores
  6 cyclopes
  25 ugly things
  6 elephants
  A worldbinder (Abyss:2)
  14 merfolk sirens
  5 water nymphs
  34 black mambas
  2 vault sentinels (Vaults:2)
  9 guardian serpents
  3 gargoyles
  Joseph (D:10)
  2 ice statues
  2 smoke demons (Abyss:2)
  8 cane toads
  20 naga magi
  A torpor snail (Lair:6)
  An orange demon (Abyss:2)
  10 rime drakes
  3 kobold demonologists
  4 unseen horrors
  11 yaktaurs
  2 efreet (Abyss:2)
  5 freezing wraiths
  An entropy weaver simulacrum (IceCv)
  10 komodo dragons
  2 golden dragon simulacra (IceCv)
  6 trolls
  2 tengu conjurers (D:14)
  A queen bee (Lair:2)
  An ancient zyme (Abyss:2)
  9 ice devils
  27 merfolk
  A tarantella (Vaults:2)
  A harpy zombie (Shoals:4)
  3 polar bears
  4 wind drakes
  18 slime creatures
  19 blink frogs
  5 raiju
  10 dream sheep
  8 snapping turtles
  The ghost of Ashen the Magician, an amateur DEAE (D:5)
  3 vampires (Bailey)
  A culicivora (Vaults:2)
  Sigmund (D:5)
  A wraith (D:13)
  3 hogs (Shoals:4)
  60 yaks
  3 shadows
  The ghost of MisterFreud the Covert, an amateur GnDe (D:5)
  A ynoxinul (Abyss:2)
  14 water elementals
  8 wyverns
  A neqoxec (Abyss:2)
  7 basilisks
  A warg (Orc:1)
  3 steam dragons
  6 vampire mosquitoes
  A chaos spawn (Abyss:2)
  Edmund (D:5)
  4 redbacks
  59 nagas
  3 acid dragons
  23 water moccasins
  5 hydra simulacra (IceCv)
  An ice beast (D:5)
  2 ettin simulacra (IceCv)
  2 manticore zombies (Shoals:4)
  A sky beast (D:5)
  5 black bears
  8 ogres
  18 orc warriors
  A hornet zombie (D:7)
  3 boggarts (D:15)
  2 necrophages (D:6)
  3 wolves (D:9)
  15 centaurs
  A phantom (D:5)
  3 kobold brigands
  14 bullfrogs
  A gnoll sergeant (D:11)
  A water moccasin zombie (D:6)
  3 scorpions (D:9)
  2 small abominations (Abyss:2)
  A lindwurm simulacrum (IceCv)
  25 killer bees (Lair:2)
  4 howler monkeys
  8 vampire bats (Bailey)
  8 wights
  5 electric eels
  5 wolf zombies (Bailey)
  A bullfrog zombie (D:4)
  15 starcursed masses (Abyss:2)
  6 hounds
  17 jellies
  9 centaur zombies
  An iron imp (Abyss:2)
  15 orc priests
  3 centaur skeletons
  Jessica (D:3)
  2 iguanas
  23 orc wizards
  7 hell rats
  Terence (D:3)
  2 killer bee zombies
  4 hound zombies (D:4)
  A hound skeleton (D:5)
  A howler monkey skeleton (D:4)
  4 gnolls (D:11)
  2 howler monkey zombies
  12 adders
  3 shadow imps
  3 white imps
  8 ufetubi
  2 adder zombies (D:4)
  3 adder skeletons (D:4)
  3 worms
  2 dart slugs (D:1)
  53 orcs
  6 ball pythons
  A bat zombie (Shoals:4)
  8 endoplasms
  5 giant cockroaches
  12 goblins
  9 hobgoblins
  8 jackals
  3 quokkas
  9 bats
  8 frilled lizards
  12 kobolds
  16 orc zombies (Bailey)
  12 rats
  3 starspawn tentacles (Abyss:2)
1377 creatures vanquished.

Vanquished Creatures (collateral kills)
  4 death yaks (Lair:5)
  A two-headed ogre (D:14)
  A wyvern (Lair:2)
6 creatures vanquished.

Vanquished Creatures (others)
  A wizard (Vaults:1)
  2 yaks (Lair:6)
  3 humans (Shoals:4)
  A neqoxec (Abyss:2)
  A boggart (D:15)
  2 orc wizards
  A bat zombie (Shoals:4)
  A kobold (D:3)
  A bush (Lair:6)
  66 fungi
  314 plants
  8 starspawn tentacles (Abyss:2)
  23 tentacles
  4 withered plants
428 creatures vanquished.

Grand Total: 1811 creatures vanquished

Notes
Turn   | Place    | Note
-------+----------+-------------------------------------------
     0 | D:1      | raph the Minotaur Berserker began the quest for the Orb.
     0 | D:1      | Reached XP level 1. HP: 19/19 MP: 0/0
   161 | D:1      | Reached XP level 2. HP: 14/26 MP: 1/1
   524 | D:1      | Reached skill level 5 in Polearms
   542 | D:1      | Reached XP level 3. HP: 31/31 MP: 2/2
   685 | D:1      | Found a faded altar of an unknown god.
   998 | D:1      | Reached ** piety under Trog
  1314 | D:2      | Identified the +12 hand axe "Appes" {vorpal, Fly rCorr
                  | Str+2 Stlth+}
  1365 | D:2      | Noticed an ogre
  1372 | D:2      | Killed an ogre
  1373 | D:2      | Reached XP level 4. HP: 39/39 MP: 3/3
  1373 | D:2      | Reached XP level 5. HP: 45/45 MP: 4/4
  2570 | D:3      | Found an iron altar of Okawaru.
  2570 | D:3      | Found a sacrificial altar of Ru.
  2572 | D:3      | Found a glowing silver altar of Zin.
  2572 | D:3      | Found a radiant altar of Vehumet.
  2658 | D:3      | Found a stormy altar of Qazlal.
  2924 | D:3      | Noticed Terence
  2930 | D:3      | Killed Terence
  3125 | D:3      | Noticed Jessica
  3129 | D:3      | Killed Jessica
  3426 | D:4      | Reached XP level 6. HP: 51/51 MP: 5/5
  4641 | D:5      | Entered Level 5 of the Dungeon
  4685 | D:5      | Reached XP level 7. HP: 57/57 MP: 6/6
  4765 | D:5      | Reached *** piety under Trog
  4822 | D:5      | Reached skill level 10 in Polearms
  4884 | D:5      | Found a runed translucent gate.
  4886 | D:5      | Found a runed translucent gate.
  4886 | D:5      | Found a runed translucent gate.
  4888 | D:5      | Noticed MisterFreud's ghost (amateur GnDe)
  4888 | D:5      | Noticed Ashen's ghost (amateur DEAE)
  5307 | D:5      | Noticed a two-headed ogre
  5316 | D:5      | Killed a two-headed ogre
  5317 | D:5      | Reached skill level 1 in Shields
  5317 | D:5      | Reached XP level 8. HP: 46/66 MP: 7/7
  5338 | D:5      | Reached skill level 2 in Shields
  5704 | D:5      | Noticed Edmund
  5716 | D:5      | Killed Edmund
  5784 | D:5      | Noticed Sigmund
  5790 | D:5      | Killed Sigmund
  5791 | D:5      | Reached skill level 5 in Fighting
  5791 | D:5      | Reached skill level 3 in Shields
  6036 | D:5      | Found Jun Leej's Jewellery Shop.
  6279 | D:5      | Killed MisterFreud's ghost
  6280 | D:5      | Reached XP level 9. HP: 74/74 MP: 8/8
  6282 | D:5      | Killed Ashen's ghost
  6283 | D:5      | Reached skill level 5 in Armour
  6283 | D:5      | Reached skill level 4 in Shields
  6571 | D:6      | Found a blossoming altar of Fedhas.
  6738 | D:6      | Found a broken altar of Ashenzari.
  6798 | D:6      | Reached skill level 5 in Dodging
  6973 | D:6      | Found a staircase to the Ecumenical Temple.
  7225 | D:6      | Reached skill level 5 in Shields
  7438 | D:6      | Identified the +9 dagger of Bile {vorpal, rC+ MP+9 Int+2}
  7453 | D:6      | Noticed a boulder beetle
  7477 | D:6      | Killed a boulder beetle
  7736 | D:7      | Noticed an ice statue
  7758 | D:7      | Reached skill level 6 in Shields
  7956 | D:7      | Found a flagged portal.
  7958 | D:7      | You are sucked into a shaft and drop 2 floors!
  8027 | D:8      | Reached XP level 10. HP: 83/86 MP: 9/9
  8057 | D:8      | Identified the +3 leather armour "Zonofana" {rElec}
  8091 | D:8      | Noticed a two-headed ogre
  8102 | D:7      | Killed a two-headed ogre
  8219 | Bailey   | Entered a bailey
  8723 | Bailey   | Reached **** piety under Trog
  8743 | Bailey   | Reached skill level 7 in Shields
  9068 | Bailey   | Noticed a gargoyle
  9081 | Bailey   | Killed a gargoyle
  9217 | Bailey   | HP: 3/90 [something (14)]
  9700 | Bailey   | Identified the +0 glaive of Duty {pain, rElec rF+ Str+3}
  9819 | Bailey   | Identified the +1 chain mail of Lanegoro {-Cast Will+++}
 10180 | D:7      | Identified the +8 falchion of the First Realms {chaos, rN+
                  | Will- Int+5}
 10226 | D:7      | Found a sparkling altar of Nemelex Xobeh.
 10284 | D:7      | Noticed a moth of wrath
 10286 | D:7      | Found a bloodstained altar of Trog.
 10621 | D:8      | Noticed a two-headed ogre
 10637 | D:8      | Killed a two-headed ogre
 10638 | D:8      | Reached skill level 8 in Shields
 10680 | D:8      | Found a shimmering altar of Xom.
 10681 | D:8      | Found a shimmering altar of Xom.
 10858 | D:8      | Found a shimmering altar of Xom.
 10859 | D:8      | Found a shimmering altar of Xom.
 11030 | D:8      | Found a white marble altar of Elyvilon.
 11110 | D:8      | Found a shimmering altar of Xom.
 11112 | D:8      | Found a shimmering altar of Xom.
 11113 | D:8      | Found a shimmering altar of Xom.
 11113 | D:8      | Found a shimmering altar of Xom.
 11393 | D:9      | Reached XP level 11. HP: 50/97 MP: 10/10
 11686 | D:9      | Found a staircase to the Lair.
 11690 | D:9      | Noticed a two-headed ogre
 11713 | D:9      | Killed a two-headed ogre
 12258 | D:9      | Found a staircase to the Orcish Mines.
 12270 | D:9      | Reached skill level 9 in Shields
 12401 | D:5      | Bought the ring of Mausye Ficw {rC+ rCorr Str+2 Int+4
                  | Stlth+} for 691 gold pieces
 12434 | Temple   | Entered the Ecumenical Temple
 12849 | Lair:1   | Entered Level 1 of the Lair of Beasts
 12849 | Lair:1   | Noticed a five-headed hydra
 12876 | D:9      | Killed a five-headed hydra
 12877 | D:9      | Reached skill level 10 in Fighting
 12877 | D:9      | Reached skill level 1 in Evocations
 13143 | Lair:1   | Reached skill level 10 in Armour
 13558 | Lair:1   | Noticed Erica
 13571 | Lair:1   | Killed Erica
 14346 | Lair:2   | Reached skill level 10 in Shields
 14498 | Lair:2   | Found a staircase to the Snake Pit.
 14512 | Lair:2   | Reached XP level 12. HP: 108/108 MP: 11/11
 15340 | Lair:2   | Reached skill level 10 in Dodging
 15959 | Lair:2   | Reached skill level 11 in Shields
 16540 | Lair:2   | Reached skill level 5 in Evocations
 17665 | Lair:3   | Reached XP level 13. HP: 118/118 MP: 12/12
 17677 | Lair:3   | Reached skill level 1 in Throwing
 17934 | Lair:3   | Found a runed translucent door.
 17934 | Lair:3   | Noticed Usat's ghost (journeyman DjFE)
 18126 | Lair:3   | You are sucked into a shaft and drop 3 floors!
 18126 | Lair:6   | Entered Level 6 of the Lair of Beasts
 19274 | Lair:4   | Reached skill level 12 in Shields
 19457 | Lair:4   | Found a staircase to the Shoals.
 20975 | Lair:4   | Found the +8 demon blade "Leech" {vamp, Harm Drain rN+}
 21234 | Lair:4   | Reached XP level 14. HP: 129/129 MP: 13/13
 22143 | Lair:6   | Found a staircase to the Slime Pits.
 22934 | Lair:6   | Reached skill level 5 in Throwing
 23937 | Lair:6   | Reached skill level 13 in Shields
 25239 | Orc:1    | Entered Level 1 of the Orcish Mines
 25240 | Orc:1    | Noticed an orc warlord
 25471 | D:9      | Killed an orc warlord
 25956 | Orc:1    | Found Vokkidu's Assorted Antiques.
 26069 | Orc:1    | Noticed Snorg
 26077 | Orc:1    | Killed Snorg
 27001 | Orc:2    | Entered Level 2 of the Orcish Mines
 27001 | Orc:2    | Noticed Erolcha
 27011 | Orc:2    | Killed Erolcha
 27396 | Orc:2    | Found a staircase to the Elven Halls.
 27631 | Orc:2    | Paralysed by an orc sorcerer for 6 turns
 28021 | Orc:2    | Found Xudonauj's Armour Emporium.
 28021 | Orc:2    | Found Xecodiah's Magic Scroll Shop.
 28023 | Orc:2    | Found Rareanotai's General Store.
 28023 | Orc:2    | Found Fefot's Antique Armour Emporium.
 28029 | Orc:2    | Bought a scroll of summoning for 123 gold pieces
 28029 | Orc:2    | Bought a scroll of blinking for 97 gold pieces
 28040 | Orc:2    | Bought a scroll of brand weapon for 260 gold pieces
 28073 | Orc:2    | Bought a wand of iceblast (4) for 80 gold pieces
 28073 | Orc:2    | Bought a potion of resistance for 100 gold pieces
 28195 | Orc:2    | Found a runed translucent gate.
 28196 | Orc:2    | Found a runed translucent gate.
 28197 | Orc:2    | Found a runed translucent gate.
 28198 | Orc:2    | Noticed Weresquid's ghost (journeyman GrGl)
 28198 | Orc:2    | Noticed Glaciallarry's ghost (journeyman HOMo)
 28329 | Orc:2    | Noticed OrcWarrior's ghost (journeyman HOFi)
 28329 | Orc:2    | Noticed Faeu's ghost (journeyman MiBe)
 28473 | D:10     | Entered Level 10 of the Dungeon
 28473 | D:10     | Noticed Joseph
 28478 | D:10     | Killed Joseph
 28666 | D:10     | Found Bufuicol's General Store.
 28666 | D:10     | Noticed Nergalle
 28686 | D:10     | Killed Nergalle
 28806 | D:10     | Bought 2 potions of heal wounds for 130 gold pieces
 28814 | D:10     | Found a runed translucent gate.
 28814 | D:10     | Found a runed translucent gate.
 28814 | D:10     | Found a runed translucent gate.
 28816 | D:10     | Found an opulent altar of Gozag.
 28818 | D:10     | Identified the +4 mace of Beyond {venom, Drain rElec rN+}
 28823 | D:10     | Noticed sobakacece's ghost (journeyman DjEE)
 28840 | D:10     | Found an opulent altar of Gozag.
 28940 | D:10     | Noticed Sonja
 28948 | D:10     | Killed Sonja
 28949 | D:10     | Reached XP level 15. HP: 136/136 MP: 14/14
 28998 | D:10     | Noticed Urug
 29009 | D:10     | Killed Urug
 29491 | D:10     | Found a runed translucent door.
 29498 | D:10     | Found a burning altar of Makhleb.
 29944 | D:11     | Found Vimop's Weapon Emporium.
 32438 | D:12     | Noticed Rupert
 32456 | D:12     | Killed Rupert
 33262 | D:13     | Found a sacrificial altar of Ru.
 33558 | D:14     | Found a frozen archway.
 33588 | IceCv    | Entered an ice cave
 35444 | IceCv    | Found the +4 skin of Zhor {*Englaciate rC+++ SInv}
 35454 | IceCv    | Reached skill level 15 in Fighting
 35970 | D:14     | Reached ***** piety under Trog
 35980 | D:14     | Reached XP level 16. HP: 79/149 MP: 15/15
 36552 | D:14     | Reached skill level 14 in Shields
 36935 | D:14     | Reached skill level 15 in Armour
 37196 | D:14     | Found a gate to the Vaults.
 37385 | D:15     | Entered Level 15 of the Dungeon
 37666 | D:15     | Identified a scroll of acquirement
 37675 | D:15     | Acquired a +1 demon trident of electrocution
 38079 | D:15     | Found a staircase to the Depths.
 38789 | Orc:1    | Bought a scroll of enchant armour for 127 gold pieces
 39355 | D:9      | Killed sobakacece's ghost
 39873 | Lair:3   | Killed Usat's ghost
 39904 | Lair:3   | Identified the +7 falchion "Mustry" {speed, rCorr Dex+6}
 40122 | D:5      | Bought an amulet of the acrobat for 420 gold pieces
 40309 | Shoals:1 | Entered Level 1 of the Shoals
 40648 | Shoals:1 | Found Zatzu's Distillery.
 40826 | Shoals:1 | Bought a potion of might for 72 gold pieces
 40826 | Shoals:1 | Bought a potion of curing for 54 gold pieces
 40826 | Shoals:1 | Bought a potion of curing for 54 gold pieces
 41102 | Shoals:1 | Reached skill level 15 in Shields
 41703 | Shoals:1 | You are sucked into a shaft and drop 1 floor!
 41884 | Shoals:1 | Noticed a kraken
 41898 | Shoals:1 | Killed a kraken
 42142 | Shoals:1 | Found Upekh's Visitors' Centre.
 42297 | Shoals:1 | Found Upekh's Merfolk Armours.
 42297 | Shoals:1 | Found Upekh's Merfolk Weapons.
 43058 | Shoals:2 | Noticed a kraken
 43177 | Shoals:2 | Killed a kraken
 43272 | Shoals:2 | Acquired the amulet of Pouwoamp {Rampage Regen+ rCorr}
 43852 | Shoals:3 | Reached skill level 10 in Evocations
 43855 | Shoals:3 | Noticed Mlioglotl
 43856 | Shoals:3 | Noticed a bone dragon
 43868 | Shoals:3 | Noticed an Executioner
 44193 | Shoals:3 | Killed Mlioglotl
 44338 | Shoals:3 | Reached XP level 17. HP: 158/158 MP: 16/16
 44557 | Shoals:3 | Noticed Ilsuiw
 44562 | Shoals:3 | Noticed Roxanne
 44623 | Shoals:3 | Killed Ilsuiw
 45200 | Shoals:3 | Noticed a kraken
 45215 | Shoals:3 | Killed a kraken
 45324 | Shoals:3 | Noticed a kraken
 45341 | Shoals:3 | Killed a kraken
 45514 | Shoals:3 | Killed Roxanne
 45582 | Shoals:4 | Entered Level 4 of the Shoals
 45923 | Shoals:4 | Noticed Kirke
 45943 | Shoals:4 | Killed Kirke
 45944 | Shoals:4 | Reached skill level 16 in Shields
 47911 | Shoals:4 | Received a gift from Trog
 48061 | Shoals:4 | Reached skill level 15 in Dodging
 48334 | Shoals:4 | Got a barnacled rune of Zot
 48846 | Snake:1  | Entered Level 1 of the Snake Pit
 49127 | Snake:1  | Reached skill level 10 in Throwing
 49739 | Snake:1  | Noticed Aizul
 49774 | Snake:1  | Killed Aizul
 49920 | Snake:1  | Reached skill level 17 in Shields
 50283 | Snake:1  | Received a gift from Trog
 50642 | Snake:2  | Found Jon Epue's Book Boutique.
 50845 | Snake:2  | Reached XP level 18. HP: 132/168 MP: 17/17
 52787 | Snake:3  | Reached ****** piety under Trog
 53083 | Snake:3  | Identified the +0 cloak of Lesser Demons {+Inv rElec rF+++
                  | Stlth-}
 53209 | Snake:3  | Reached skill level 18 in Shields
 53657 | Snake:3  | Identified the +10 scale mail of the Abyss {Str+5}
 53704 | Snake:3  | Received a gift from Trog
 54151 | Snake:4  | Entered Level 4 of the Snake Pit
 55628 | Snake:4  | Identified the +7 flail of Incongruity {elec, rPois rN+
                  | Dex+4}
 57457 | Snake:4  | Received a gift from Trog
 58206 | Snake:4  | Reached XP level 19. HP: 175/177 MP: 18/18
 58450 | Snake:4  | Noticed Vashnia
 58463 | Snake:4  | Killed Vashnia
 58492 | Snake:4  | Got a serpentine rune of Zot
 58850 | Vaults:1 | Entered Level 1 of the Vaults
 58889 | Vaults:1 | Reached skill level 19 in Shields
 59118 | Vaults:1 | Cast into level 2 of the Abyss (a wizard)
 59153 | Vaults:1 | Escaped the Abyss
 59757 | Vaults:1 | Received a gift from Trog
 60441 | Vaults:1 | Found a runed translucent door.
 60441 | Vaults:1 | Found a shimmering altar of Xom.
 60441 | Vaults:1 | Identified the +6 eveningstar "Giantbane" {chaos, Fragile
                  | rF- rCorr Int+8}
 60441 | Vaults:1 | Noticed Zotwa's ghost (adept GnSk)
 60694 | Vaults:2 | Found Itece's Antique Weapon Shoppe.
 61442 | Vaults:2 | Noticed Mennas
 61499 | Vaults:2 | Killed Mennas
 61500 | Vaults:2 | Reached skill level 20 in Shields
 61692 | Vaults:2 | Received a gift from Trog
 61711 | Vaults:2 | Cast into level 2 of the Abyss (a wizard)
 61911 | Abyss:2  | Gained mutation: You are frail. (-10% HP) [a neqoxec]
 62025 | Abyss:2  | Paralysed by accursed screaming for 1 turns
 62134 | Abyss:2  | Lost intelligence.
 62135 | Abyss:2  | Gained mutation: You are very frail. (-20% HP) [a neqoxec]
 62146 | Abyss:2  | Gained mutation: Armour fits poorly on your strangely
                  | shaped body. [a neqoxec]
 62160 | Vaults:2 | Escaped the Abyss
 62184 | Vaults:2 | Reached XP level 20. HP: 150/150 MP: 19/19
 62822 | Vaults:2 | Lost mutation: Armour fits poorly on your strangely shaped
                  | body. [potion of mutation]
 62822 | Vaults:2 | Lost mutation: You are very frail. (-20% HP) [potion of
                  | mutation]
 62822 | Vaults:2 | Gained mutation: You sometimes lose the ability to read
                  | scrolls when taking damage. [potion of mutation]
 62822 | Vaults:2 | Gained mutation: You have sharp toenails. [potion of
                  | mutation]
 62823 | Vaults:2 | Lost mutation: You sometimes lose the ability to read
                  | scrolls when taking damage. [potion of mutation]
 62823 | Vaults:2 | Lost mutation: You have sharp toenails. [potion of
                  | mutation]
 62823 | Vaults:2 | Gained mutation: Armour fits poorly on your strangely
                  | shaped body. [potion of mutation]
 62823 | Vaults:2 | Gained mutation: Your flesh is cold resistant. (rC+)
                  | [potion of mutation]
 63009 | Vaults:2 | Noticed Margery
 63034 | Vaults:2 | Killed Margery
 63034 | Vaults:2 | HP: 11/238 [hell knight/+3 great sword of flaming[Margery]
                  | (19)]
 63034 | Vaults:2 | Slain by a hell knight

Illustrated notes

Levels and vault maps discovered:
D:1:      dpeg_arrival_long_road, layout_loops_ring,
          hellmonk_ecumenical_altar_prayer_group, item_on_display_a
D:2:      layout_loops_ring
D:3:      layout_basic, chequers_temple_overflow_statue_of_worship,
          grunt_qazlal_clouds, serial_aquarium, aquarium_bridge_square
          [aquarium_subvault_wall, aquarium_subvault_balcony,
          aquarium_subvault_bridge, aquarium_subvault_wall],
          aquarium_bridge_square [aquarium_subvault_wall,
          aquarium_subvault_window, aquarium_subvault_window,
          aquarium_subvault_bridge], aquarium_window_corridor_3,
          aquarium_window_1, aquarium_window_fake, aquarium_window_1,
          aquarium_view_2e, aquarium_view_2d, aquarium_pool_2,
          minmay_misc_feat_iff, uniq_jessica, uniq_terence
D:4:      layout_loops_ring, serial_undead, serial_undead_a, serial_undead_a,
          serial_undead_d, serial_undead_b, serial_undead_f
D:5:      minmay_diamond_boxcup, layout_basic, serial_shops, shop,
          gammafunk_ghost_cemetery, sigmund_edmund_badplayer
D:6:      minmay_cornered_nines, layout_loops_ring, cheibrodos_ashenzari_chains,
          fedhas_altar_1, minmay_temple_entry_statues_pillars
D:7:      lemuel_ice_statue, layout_loops_ring, tgw_trog, kennysheep_mini,
          enter_bailey_5, kennysheep_doodads
D:8:      layout_rooms, xom_shifter_show, nicolae_elyvilon_temple_path
D:9:      nicolae_BIG_FREAKIN_CUBE, layout_long_grid,
          due_lair_maze_entry_diamond
D:10:     layout_layer_cave, nicolae_gozag_cash_rules_everything_around_me,
          nzn_makhleb_speed_demon, ebering_ghost_gozag, kennysheep_small_circle,
          uniq_joseph, uniq_urug, uniq_sonja, uniq_nergalle
D:11:     layout_irregular_city, serial_shops, nicolae_shop_hallway_stairs
D:12:     cheibrodos_frozen_isle, layout_basic, uniq_rupert
D:13:     layout_cave_pools, nicolae_ru_great_annihilating_truth
D:14:     layout_cave_pools, hangedman_vaults_entry_quadrant_bands,
          portal_ice_cave_entry_pillars_2
D:15:     hangedman_depths_entry_try_elsewhere_first, layout_loops_cross
Temple:   jpeg_temple_island
Lair:1:   layout_hall_layers, st_stairs_10, lemuel_fruit_tree, uniq_erica
Lair:2:   regret_index_wax_grids, layout_loops_ring,
          minmay_snake_entry_guardpost_small, minmay_holes
Lair:3:   layout_chaotic_city, gammafunk_ghost_grave, grunt_megastairs_2,
          serial_bayou_shore_a
Lair:4:   nzn_winding_woodlands_stair_trap
          [nzn_winding_woodlands_5x15_longhouse,
          nzn_winding_woodlands_5x15_parted, nzn_winding_woodlands_5x15_cabin,
          nzn_winding_woodlands_15x15_thick_spiral,
          nzn_winding_woodlands_5x15_lazy_stream,
          nzn_winding_woodlands_5x15_twine,
          nzn_winding_woodlands_5x15_pathside_ponds], layout_cave_shapes,
          minmay_shoals_entry_beasts
Lair:5:   layout_big_grid, gauntlet_entry_generic
Lair:6:   evilmike_catoblepas_cave, layout_loops_ring,
          minmay_slime_entry_jelly_boxes
Shoals:1: nicolae_shoals_mermall, layout_shoals, serial_shops, shop_fountains
Shoals:2: layout_shoals, nicolae_shoals_kraken_intersection
Shoals:3: cheibrodos_shoals_baths, layout_shoals, uniq_ilsuiw, uniq_mlioglotl,
          uniq_roxanne
Shoals:4: shoals_end_grunt_garden, layout_shoals, nicolae_shoals_undead_eyrie,
          uniq_kirke
Snake:1:  layout_honeycomb, nicolae_snake_single_loop, st_stairs_1, uniq_aizul
Snake:2:  layout_cave_shapes, serial_shops, nicolae_shop_behind_doors
Snake:3:  kennysheep_six_static_rooms, layout_chambers,
          nicolae_snake_gridmaze_swirls
Snake:4:  grunt_snake_rune_serpentine_throne, layout_cave_town, st_stairs_6
Orc:1:    layout_caves, serial_shops, shop, mines4_lemuel, uniq_snorg
Orc:2:    grunt_orc_tribal_feast, layout_diamond_mine, gammafunk_ghost_cemetery,
          uniq_erolcha
Vaults:1: ebering_ghost_xom, nicolae_vaults_big_ls, v_alt_pattern_1,
          nicolae_vaults_network_star, vaults_dpeg_encased_lava,
          nicolae_vaults_mini_display_case, layout_vaults_chaotic_city
Vaults:2: vaults_room_pools, v_alt_pattern_5, vaults_dpeg_ring,
          ontoclasm_vaults_claustrophobia, hangedman_vaults_capsules, v_misc_27,
          v_misc_33, nicolae_vaults_puzzle_piece, layout_vaults_big_cross,
          serial_shops, nicolae_shop_window_shopping, uniq_mennas, uniq_margery

Skill      XL: |  1  2  3  4  5  6  7  8  9 10 11 12 13 14 15 16 17 18 19 |
---------------+----------------------------------------------------------+-----
Polearms       | 4 5 7 8 9 12 13 14 | 14.0
Fighting       | 4 5 7 9 10 12 13 14 15 16 17 18 | 18.3
Shields        | 1 3 6 8 10 11 12 13 15 17 18 20 | 20.3
Armour         | 4 6 8 10 11 12 14 15 16 17 18 | 18.2
Dodging        | 4 6 8 9 10 11 12 13 14 15 16 | 16.8
Evocations     | 3 5 6 8 9 10 11 12 | 12.5
Throwing       | 4 6 7 9 10 11 12 | 12.3

Action                   |  1- 3 |  4- 6 |  7- 9 | 10-12 | 13-15 | 16-18 | 19-21 || total
-------------------------+-------+-------+-------+-------+-------+-------+-------++-------
Melee: Spear             |   112 |   222 |   306 |  1026 |   360 |       |       ||  2026
       Headbutt          |    21 |    40 |    48 |   219 |   378 |   377 |   275 ||  1358
       Trident           |       |       |       |       |  1258 |   135 |       ||  1393
       Demon trident     |       |       |       |       |       |  2003 |   944 ||  2947
Throw: Boomerang         |       |       |       |    12 |    60 |   133 |    12 ||   217
       Javelin           |       |       |       |     6 |       |    11 |       ||    17
Invok: Berserk           |     2 |     5 |    10 |    28 |    47 |    29 |    13 ||   134
       Trog's Hand       |       |       |     2 |     5 |     7 |     5 |     4 ||    23
       Brothers in Arms  |       |       |       |     3 |     1 |     2 |     2 ||     8
Evoke: Wand              |       |       |       |       |     8 |     9 |       ||    17
       Phial of floods   |       |       |       |       |     1 |       |       ||     1
       Phantom mirror    |       |       |       |       |       |     1 |       ||     1
  Use: Scroll            |       |     8 |     7 |     8 |    18 |    13 |       ||    54
       Potion            |       |       |       |     1 |     3 |     3 |     5 ||    12
 Stab: Sleeping          |       |     2 |       |       |       |       |       ||     2
       Distracted        |       |       |       |     1 |       |       |     2 ||     3
       Petrified         |       |       |       |       |     6 |       |       ||     6
       Invisible         |       |       |       |       |     2 |       |       ||     2
       Paralysed         |       |       |       |       |     1 |       |       ||     1
Armor: Animal skin       |    17 |     9 |       |       |       |       |       ||    26
       Scale mail        |       |    43 |    18 |       |       |    72 |   240 ||   373
       Chain mail        |       |       |    53 |    34 |       |       |       ||    87
       Plate armour      |       |       |       |   225 |   557 |   472 |       ||  1254
Dodge: Dodged            |    30 |    46 |    50 |   193 |   407 |   568 |   402 ||  1696
Block: Kite shield       |    12 |    57 |    87 |   387 |   699 |       |       ||  1242
       Tower shield      |       |       |       |       |    92 |  1839 |   894 ||  2825
